 Dungeon Crawl Stone Soup version 0.31-a0-716-gc7603755dd (webtiles) character file.

Game seed: 8820160478378738243

3426 arthad the Digger (level 9, 0/71 HPs)
             Began as a Red Draconian Earth Elementalist on Sept 10, 2023.
             Was a Follower of Vehumet.
             Hit by a javelin thrown by a centaur (9 damage)
             ... in a bailey.
             The game lasted 00:15:06 (7125 turns).

arthad the Digger (DrEE)                            Turns: 7125, Time: 00:15:07

Health: 0/71       AC:  8    Str: 18    XL:     9   Next: 76%
Magic:  1/17       EV: 13    Int: 19    God:    Vehumet [*.....]
Gold:   317        SH:  0    Dex: 11    Spells: 10/19 levels left

rFire   + + .        j - staff of earth
rCold   . . .        (no shield)
rNeg    . . .        (body armour unavailable)
rPois   .            (helmet restricted)
rElec   .            (no cloak)
rCorr   .            v - +0 pair of gloves
SInv    .            (no boots)
Will    .....        (no amulet)
Stlth   ++           r - ring of protection from fire
HPRegen 0.31/turn    d - +6 ring of strength
MPRegen 0.15/turn

%: no passive effects
@: no status effects
A: breathe fire, AC +7, unfitting armour, fire resistance 1, cold-blooded
a: Breathe Fire, Renounce Religion


You were in a bailey.
You worshipped Vehumet.
Vehumet was aware of your devotion.
You visited 2 branches of the dungeon, and saw 8 of its levels.
You also visited: Bailey.

You collected 317 gold pieces.

Inventory:

Hand Weapons
 f - a +1 whip of electrocution
 g - a +1 dagger of draining
 x - a +2 flail of protection
Missiles
 c - 4 poisoned darts
 e - 5 atropa-tipped darts
 h - 10 boomerangs
 m - 6 javelins
 q - a throwing net
Armour
 v - a +0 pair of gloves (worn)
 I - a +0 kite shield
Magical Staves
 j - a staff of earth (weapon)
 z - a staff of death
Jewellery
 d - a +6 ring of strength (right hand)
 p - a ring of fire
 r - a ring of protection from fire (left hand)
Wands
 D - a wand of iceblast (6)
 H - a wand of charming (9)
Scrolls
 k - 2 scrolls of teleportation
 n - a scroll of noise
 s - 3 scrolls of enchant armour
 A - 2 scrolls of immolation {unknown}
 E - a scroll of vulnerability {unknown}
 G - a scroll of poison {unknown}
Potions
 a - a potion of ambrosia {unknown}
 b - a potion of cancellation
 i - 3 potions of brilliance
 l - a potion of berserk rage {unknown}
 o - a potion of degeneration {unknown}
 t - 2 potions of might
 u - a potion of enlightenment {unknown}
 w - a potion of heal wounds {unknown}
 B - a potion of lignification {unknown}
 C - a potion of haste {unknown}


   Skills:
 + Level 3.7 Fighting
 + Level 4.0 Dodging
 + Level 4.2 Stealth
 * Level 5.5 Spellcasting
 * Level 5.3 Conjurations
 * Level 5.6 Transmutations
 * Level 5.3 Fire Magic
 * Level 6.3 Earth Magic


You had 10 spell levels left.
You knew the following spells:

 Your Spells              Type           Power      Damage    Failure   Level
a - Sandblast             Erth           88%        2d18      1%          1
b - Stone Arrow           Conj/Erth      82%        3d12      3%          3
c - Petrify               Tmut/Erth      42%        N/A       10%         4
d - Foxfire               Conj/Fire      100%       2x1d9     1%          1

Your spell library contained the following spells:

 Spells                   Type           Power      Damage    Failure   Level
 Magic Dart               Conj           100%       1d8       1%          1
 Passwall                 Tmut/Erth      35%        N/A       1%          2
 Searing Ray              Conj           50%        2d6       1%          2
 Apportation              Tloc           10%        N/A       12%         1
 Freeze                   Ice            20%        1d4       12%         1
 Necrotise                Necr           20%        1d5       12%         1
 Summon Small Mammal      Summ           20%        N/A       12%         1
 Hailstorm                Conj/Ice       15%        3d5       12%         3
 Frozen Ramparts          Ice            10%        1d2       34%         3
 Fulminant Prism          Conj/Hex       7%         3d6       36%         4


Dungeon Overview and Level Annotations

Branches:
Dungeon (7/15)             Temple (1/1) D:5          Bailey (1/1)

Altars:
Ashenzari
Cheibriados
Dithmenos
Fedhas
Gozag
Hepliaklqana
Makhleb
Okawaru
Ru
Sif Muna
Vehumet
Wu Jian
Xom
Yredelemnul
The Shining One

Annotations:
D:5 3 runed translucent doors, pokeman's ghost, novice DEHW
D:7 Dowan; Menkaure


Innate Abilities, Weirdness & Mutations

You can breathe blasts of fire.
Your fiery red scales are hard. (AC +7)
You cannot fit into any form of body armour.
Your flesh is heat resistant. (rF+)
You are cold-blooded and may be slowed by cold attacks.


Message History

The orc warrior is almost dead.
The orc warrior hits you with a +0 glaive!
* * * LOW HITPOINT WARNING * * *
Okay, then.
Blink to where?
Press: ? - help, Dir - move target, p - orc warrior
As you read the scroll of blinking, it crumbles to dust.
There is a fountain of clear blue water here.
Aiming: Sandblast (safe; 1% risk of failure)
Press: ? - help, Q - select action, (/) - cycle Shift-Dir - straight line, f - orc warrior
Aim: an orc warrior, wielding a +0 glaive and wearing a +3 ring mail (almost dead, 81% to hit)
You feel a surge of power!
The blast of sand misses the orc warrior.
The orc warrior hits you from afar with a +0 glaive.
* * * LOW HITPOINT WARNING * * *
Aiming: Iceblast
Press: ? - help, Shift-Dir - straight line, f/p - orc warrior
Aim: an orc warrior, wielding a +0 glaive and wearing a +3 ring mail (almost dead)
The mass of ice explodes!
The iceblast engulfs the orc warrior!
You kill the orc warrior!
Vehumet accepts your kill.
You hear a shout! x2
You have got your breath back.
A centaur comes into view. It is wielding a +0 spear.
The centaur throws a javelin.
The javelin closely misses you.
The centaur throws a javelin.
The javelin barely misses you.
It was a potion of brilliance.
You feel clever all of a sudden.
The centaur throws a javelin.
The javelin pierces through you.
* * * LOW HITPOINT WARNING * * *
It was a potion of might.
You feel very mighty all of a sudden.
The centaur throws a javelin.
The javelin pierces through you.
* * * LOW HITPOINT WARNING * * *
It was a potion of cancellation.
Your magical effects are unravelling.
You feel magically purged.
You feel a little less mighty now.
You feel a little less clever now.
The centaur throws a javelin.
The javelin pierces through you!
You die...

#.≈.≈.≈.⌠∩⌠.≈.≈.≈
#≈..#.≈.≈.≈..∩..≈.≈.≈
#≈..#.≈.≈.≈.⌠∩⌠.≈.≈.≈
#≈..#.≈.≈.≈≈...≈≈.≈.≈
#≈..#.≈.≈≈.≈...≈.≈≈.≈
#≈..#.≈≈.≈.≈≈≈≈≈.≈)≈≈
#≈.c##.≈.≈≈..)..≈≈.≈.
#≈..⌠#.≈≈.≈≈≈.≈≈≈.≈≈.
#≈..@#..≈≈.)≈.≈..≈≈).
#≈...#.⌠)≈≈≈...≈≈≈.⌠.
#≈...##...)≈≈≈≈≈....#
#≈....#####..)..#####
##.......⌠#######⌠...
##.......)))).......
##.................
#########'''######
#...#


You could see a centaur.

Vanquished Creatures
  Grinder (D:3)
  Sigmund (D:5)
  Duvessa (D:7)
  2 water moccasins
  An ice beast (D:6)
  4 orc warriors (Bailey)
  3 black bears
  3 ogres
  3 centaurs
  A phantom (D:6)
  2 bullfrogs
  3 scorpions
  3 wights (D:6)
  3 killer bees
  3 howler monkeys (D:7)
  4 orc priests
  4 hounds
  4 jellies
  A sleepcap (D:5)
  Jessica (D:3)
  2 orc wizards
  6 gnolls
  3 adders
  A shadow imp (D:6)
  2 white imps (D:6)
  A worm (D:2)
  46 orcs
  3 bats
  9 endoplasms
  5 giant cockroaches
  14 goblins
  7 hobgoblins
  11 jackals
  6 kobolds
  5 quokkas
  13 ball pythons
  4 frilled lizards
  7 rats
193 creatures vanquished.

Vanquished Creatures (others)
  13 foxfires (Bailey)
13 creatures vanquished.

Grand Total: 206 creatures vanquished

Notes
Turn   | Place    | Note
-------+----------+-------------------------------------------
     0 | D:1      | arthad the Draconian Earth Elementalist began the quest for
                  | the Orb.
     0 | D:1      | Reached XP level 1. HP: 14/14 MP: 3/3
   410 | D:1      | Reached XP level 2. HP: 20/20 MP: 3/5
   819 | D:1      | You fall into a shaft and drop 1 floor!
   887 | D:2      | Reached XP level 3. HP: 11/26 MP: 0/6
  1725 | D:3      | Reached skill level 1 in Conjurations
  1725 | D:3      | Reached XP level 4. HP: 13/34 MP: 0/7
  1975 | D:3      | Noticed Jessica
  1977 | D:3      | Killed Jessica
  1978 | D:3      | Reached XP level 5. HP: 39/39 MP: 6/9
  2146 | D:3      | Noticed Grinder
  2232 | D:3      | Killed Grinder
  2233 | D:3      | Reached skill level 1 in Fighting
  2233 | D:3      | Reached skill level 4 in Earth Magic
  2233 | D:3      | Reached XP level 6. HP: 47/47 MP: 4/10
  2237 | D:3      | Learned a level 3 spell: Stone Arrow
  2242 | D:3      | Learned a level 4 spell: Petrify
  2480 | D:3      | Found a faded altar of an unknown god.
  2552 | D:3      | Found a shadowy altar of Dithmenos.
  2897 | D:4      | Found a blossoming altar of Fedhas.
  3368 | D:4      | Your scales start taking on a fiery red colour.
  3368 | D:4      | Reached XP level 7. HP: 45/53 MP: 4/12
  3368 | D:4      | Gained mutation: Your flesh is heat resistant. (rF+) [Red
                  | Draconian growth]
  3561 | D:4      | Reached skill level 1 in Fire Magic
  4039 | D:5      | Entered Level 5 of the Dungeon
  4208 | D:5      | Reached XP level 8. HP: 62/62 MP: 11/13
  4280 | D:5      | Reached skill level 5 in Earth Magic
  4399 | D:5      | Noticed Sigmund
  4701 | D:5      | Killed Sigmund
  4821 | D:5      | Found a runed translucent gate.
  4821 | D:5      | Found a runed translucent gate.
  4821 | D:5      | Found a runed translucent gate.
  4822 | D:5      | Noticed pokeman's ghost (novice DEHW)
  4929 | D:5      | Found a staircase to the Ecumenical Temple.
  4934 | Temple   | Entered the Ecumenical Temple
  5386 | D:6      | Reached XP level 9. HP: 69/69 MP: 12/16
  5587 | D:6      | Found a shimmering altar of Xom.
  5629 | D:6      | Reached skill level 5 in Transmutations
  5785 | D:6      | Reached skill level 5 in Spellcasting
  5885 | D:6      | Found a radiant altar of Vehumet.
  5899 | D:6      | Became a worshipper of Vehumet
  6479 | D:7      | Noticed Duvessa
  6479 | D:7      | Noticed Dowan
  6480 | D:7      | Noticed Menkaure
  6484 | D:7      | Killed Duvessa
  6484 | D:7      | Found a flagged portal.
  6485 | D:7      | Reached skill level 6 in Earth Magic
  6542 | D:7      | Reached skill level 5 in Conjurations
  6559 | Bailey   | Entered a bailey
  6698 | Bailey   | Reached skill level 5 in Fire Magic
  6997 | Bailey   | Reached * piety under Vehumet
  6997 | Bailey   | Offered knowledge of Foxfire by Vehumet.
  7005 | Bailey   | Learned a level 1 spell: Foxfire
  7125 | Bailey   | Hit by a javelin thrown by a centaur

Illustrated notes

Levels and vault maps discovered:
D:1:      nzn_arrival_depleted_hourglass, layout_basic
D:2:      layout_basic, grunt_ministairs_11,
          wander_ebering_terrifying_dragon_lair
D:3:      layout_rooms, grunt_dithmenos_smoke_and_mirrors,
          nicolae_ecumenical_lake_church, minmay_between, uniq_jessica,
          uniq_grinder
D:4:      layout_basic, fedhas_altar_fruit_tree, serial_curves, eino_curves_01,
          eino_curves_01
D:5:      layout_rooms, nicolae_overflow_hidden_temple, temple_doors_cd,
          gammafunk_ghost_nasty_kobolds, uniq_sigmund
D:6:      layout_loops_ring, nicolae_vehumet_radiance,
          mainiacjoe_overflow_surrounded_room
D:7:      layout_basic, kiku_gazebo_pond_becter, enter_bailey_5,
          uniq_crazy_yiuf_cottage, uniq_menkaure, uniq_duvessa, uniq_pikel
Temple:   chequers_temple_sunken
Bailey:   bailey_polearm_flooded_kennysheep, bailey

Skill      XL: |  1  2  3  4  5  6  7  8  9 |
---------------+----------------------------+-----
Stealth        | 2 3 4 |  4.2
Dodging        | 2 3 4 |  4.0
Conjurations   | 1 2 3 4 5 |  5.3
Transmutations | 2 3 4 5 |  5.6
Fighting       | 1 2 3 |  3.7
Spellcasting   | 3 4 5 |  5.5
Earth Magic    | 4 5 6 |  6.3
Fire Magic     | 2 4 5 |  5.3

Action                     |  1- 3 |  4- 6 |  7- 9 || total
---------------------------+-------+-------+-------++-------
  Melee: Unarmed           |     6 |       |       ||     6
         Staff             |     3 |     6 |    18 ||    27
         Tailslap          |       |       |     1 ||     1
   Cast: Sandblast         |    70 |    67 |   182 ||   319
         Stone Arrow       |       |       |    12 ||    12
         Foxfire           |       |       |     7 ||     7
Ability: Breathe Fire      |       |       |     2 ||     2
  Evoke: Wand              |       |       |     2 ||     2
    Use: Potion            |     1 |       |     3 ||     4
         Scroll            |       |     3 |     7 ||    10
 Armour: Skin              |    15 |    24 |    82 ||   121
  Dodge: Dodged            |    20 |    30 |    69 ||   119

Table legend: (Time is in decaauts)
 A = Elapsed time spent in this place.
 B = Non-inter-level travel time spent in this place.
 C = Inter-level travel time spent in this place.
 D = Time resting spent in this place.
 E = Time spent auto-exploring this place.
 F = Levels seen in this place.
 G = Mean time per level.
                   A        B        C        D        E       F      G
               +--------+--------+--------+--------+--------+-----+--------+
         Total |   7294 |   7083 |    211 |    598 |   5248 |   9 |  810.4 |
       Dungeon |   6662 |   6493 |    169 |    502 |   4956 |   7 |  951.7 |
        Temple |     43 |      1 |     42 |      0 |      0 |   1 |   43.0 |
        Bailey |    588 |    588 |      0 |     96 |    292 |   1 |  588.0 |
               +--------+--------+--------+--------+--------+-----+--------+

Top non-repeatable levels by time:
     D:4: 1489 daAuts
     D:6: 1209 daAuts
     D:5: 1133 daAuts
     D:3: 995 daAuts
     D:2: 892 daAuts
     D:1: 832 daAuts
  Bailey: 588 daAuts
     D:7: 110 daAuts
  Temple: 43 daAuts
